 Dungeon Crawl Stone Soup version 0.18-a0-1774-gce1f7b6 (webtiles) character file.

3304445 kuniqs the Hoplite (level 27, 250/250 HPs)
             Began as a Yellow Draconian Gladiator on Apr 16, 2016.
             Was the Champion of the Shining One.
             Escaped with the Orb
             ... and 5 runes!
             The game lasted 04:26:41 (67423 turns).

kuniqs the Hoplite (Yellow Draconian Gladiator)    Turns: 67423, Time: 04:26:42

Health: 250/250    AC: 39    Str: 20    XL:     27
Magic:  34/37      EV: 40    Int:  8    God:    the Shining One [******]
Gold:   9240       SH: 31    Dex: 23    Spells: 10 memorised, 8 levels left

rFire  + . .     SeeInvis .     w - +9 eudemon blade (holy)
rCold  + . .     Gourm    .     (armour unavailable)
rNeg   + + +     Faith    .     K - +6 large shield
rPois  .         Spirit   .     c - +2 hat {MR+}
rElec  .         Dismiss  .     p - +2 cloak {rF+}
rCorr  +         Reflect  .     Q - +2 pair of gloves {rC+}
SustAt .         Harm     .     N - +2 pair of boots {Fly}
MR     +++..                    t - amulet of regeneration
Stlth  +.........               A - ring of Robustness {AC+8}
                                O - ring of Shaolin {EV+8}

@: icy armour, flying, glowing, slow, extremely resistant to hostile
enchantments, very unstealthy
A: spit acid, acid resistance, unfitting armour, acidic bite, cold-blooded, AC
+13
a: Spit Acid, Divine Shield, Cleansing Flame, Summon Divine Warrior, Renounce
Religion, Stop Flying
0: Orb of Zot
}: 5/15 runes: decaying, slimy, golden, abyssal, gossamer


You escaped.
You worshipped the Shining One.
The Shining One was exalted by your worship.
You were not hungry.

You visited 13 branches of the dungeon, and saw 64 of its levels.
You visited the Abyss 3 times.
You visited 1 ziggurat, and saw 13 of its levels.
You also visited: Labyrinth, Ice Cave and Volcano.

You collected 13103 gold pieces.
You spent 3863 gold pieces at shops.

Inventory:

Hand Weapons
 w - a +9 eudemon blade of holy wrath (weapon)
Armour
 c - a +2 hat of magic resistance (worn)
 l - the +0 buckler of Ufoes {rPois rF+}
   (You found it on level 2 of the Depths)

   It protects you from fire.
   It protects you from poison.
 p - a +2 cloak of fire resistance (worn)
 H - a +2 cloak of magic resistance
 K - a +6 large shield (worn)
 N - a +2 pair of boots of flying (worn)
 Q - a +2 pair of gloves of cold resistance (worn)
Magical Staves
 q - an uncursed staff of wizardry
Rods
 P - a +4 lightning rod (12/12)
   (You found it on level 12 of a ziggurat)
Jewellery
 t - an amulet of regeneration (around neck)
 z - an uncursed ring of protection from magic
 A - the ring of Robustness (right hand) {AC+8}
   (You found it on level 11 of a ziggurat)

   [ring of protection]

   It affects your AC (+8).
 O - the ring of Shaolin (left hand) {EV+8}
   (You found it on level 3 of the Tomb of the Ancients)

   [ring of evasion]

   It affects your evasion (+8).
 S - an uncursed ring of poison resistance
Wands
 g - a wand of disintegration (13/24)
 u - a wand of acid (2/15)
 E - a wand of acid (9/15)
 G - a wand of iceblast (0/15)
 I - a wand of hasting (6/9)
 M - a wand of disintegration (5/24)
 X - a wand of iceblast (9/15)
Scrolls
 e - 4 scrolls of enchant weapon
 f - 9 scrolls of recharging
 k - 17 scrolls of remove curse
 v - 3 scrolls of teleportation
 x - 11 scrolls of fog
 y - 6 scrolls of identify
 C - 6 scrolls of immolation
 F - 6 scrolls of blinking
 L - 4 scrolls of summoning
 T - 11 scrolls of fear
 Y - 2 scrolls of silence
 Z - 2 scrolls of holy word
Potions
 b - a potion of cancellation
 h - 2 potions of haste
 i - 3 potions of magic
 j - 10 potions of curing
 m - 8 potions of berserk rage
 r - 2 potions of brilliance
 s - 2 potions of resistance
 B - 3 potions of might
 D - 2 potions of heal wounds
 R - 2 potions of cure mutation
 V - 3 potions of ambrosia
 W - 6 potions of agility
Miscellaneous
 n - a sack of spiders
 o - a figurine of a ziggurat
Comestibles
 d - 31 bread rations
 U - 29 fruits


   Skills:
 - Level 21.0 Fighting
 + Level 18.6 Long Blades
   Level 4.0 Axes
 - Level 1.7 Throwing
 - Level 19.6 Dodging
 - Level 0.6 Stealth
 - Level 24.1 Shields
 - Level 8.4 Spellcasting
 - Level 7.1 Hexes
 - Level 12.4 Charms
 - Level 8.0 Translocations
 - Level 18.1 Ice Magic
 - Level 12.1 Air Magic
 - Level 20.7 Invocations
 - Level 9.2 Evocations


You had 8 spell levels left.
You knew the following spells:

 Your Spells              Type           Power        Failure   Level  Hunger
a - Ozocubu's Armour      Chrm/Ice       ####....     1%          3    ###....
b - Spectral Weapon       Hex/Chrm       ###.....     1%          3    ###....
c - Blink                 Tloc           N/A          1%          2    ##.....
d - Passage of Golubria   Tloc           N/A          10%         4    ####...
e - Apportation           Tloc           ###.......   1%          1    None
f - Swiftness             Chrm/Air       ###.....     1%          2    ##.....
g - Ozocubu's Refrigerat  Ice            ####......   1%          6    #######
h - Haste                 Chrm           ###.....     21%         6    #######
i - Deflect Missiles      Chrm/Air       ###.......   24%         6    #######
j - Summon Small Mammal   Summ           #...         21%         1    None


Dungeon Overview and Level Annotations

Branches:
Dungeon (15/15)            Temple (0/1) D:7            Lair (8/8) D:9
  Swamp (4/4) Lair:6       Spider (4/4) Lair:6        Slime (6/6) Lair:8
    Orc (2/2) D:12            Elf (3/3) Orc:2        Vaults (5/5) D:14
  Crypt (3/3) Vaults:2       Tomb (3/3) Crypt:3      Depths (5/5) D:15
   Hell (1/1)                 Zot (5/5) Depths:5
    Dis: Hell:1         Geh: Hell:1         Coc: Hell:1         Tar: Hell:1

Altars:
Ashenzari
Cheibriados
Dithmenos
Fedhas
Gozag
Kikubaaqudgha
Makhleb
Nemelex Xobeh
Okawaru
Pakellas
Qazlal
Sif Muna
Trog
Xom
Zin
The Shining One
Beogh
Jiyva

Shops:
D:4 *   D:5 *   D:11 *:[   Orc:2 [(*?   Vaults:2 !

Portals:
Hell: Depths:1 Depths:2 Depths:3 Depths:4 Depths:5
Abyss: Depths:1 Depths:3 Depths:4
Pandemonium: Depths:3


Innate Abilities, Weirdness & Mutations

You can spit globs of acid.
You are resistant to acid.
Your golden yellow scales are hard (AC +13).
Your body does not fit into most forms of armour.
You have acidic saliva.
You are cold-blooded and may be slowed by cold attacks.


Message History

Aim: a red devil, wielding a trident (haloed, chance to defeat MR: 57%)
The rock wall explodes into countless fragments.
This wand has 5 charges left.
A bat comes into view.
You block the bat's attack. x2
You slash the bat!
You kill the bat!
You block the red devil's attack. You block the red devil's attack.
You slice the red devil!!
The red devil convulses.
You tail-slap the red devil. You slash the red devil!
You kill the red devil!
The Shining One accepts your kill.
There is a staircase leading out of the dungeon here.
A film of ice covers your body!
Unknown command.
You now have 34/37 mp.
Drink which item? (? for menu, Esc to quit)
Okay, then.
You have escaped!

.#..#...#.#§§##....#.#
#####.#
.######..#.#.§.###(..#
#.#
.#....####.#.##.######
#.# ##....###.####.#.#
#.# ##≈.##.#..≈#.#§#.#
#.# ##..#.#.###.#.#.##
#.#
..##.####≈.#####.######
#.#
..##.#.....#..#..#....#
#.#
.≈##...≈#.#.#...@####.#
#.# ##################
#.# #.# #.#.# ##.## #.#
##.##############...##
#.#
#...>...............#
#†#
#..############.....#
#.# #..# #.....## #.#
#..# #......# #.# #..#
#......#####.#


There were no monsters in sight!

Vanquished Creatures
  the Royal Jelly (Slime:6)
  Mennas (Tomb:1)
  6 ancient liches
  3 orbs of fire
  2 juggernauts
  13 greater mummies
  A shard shrike (Zig:10)
  A pandemonium lord (Zig:4)
  Boris (Tomb:1)
  Saint Roka (Depths:4)
  2 Killer Klowns (Zot:5)
  A curse toe (Zot:3)
  Geryon (Hell)
  Nikola (Swamp:3)
  3 golden dragons
  A bone dragon (Crypt:3)
  Jory (Depths:4)
  3 electric golems (Zot:5)
  9 liches
  A shard shrike zombie (Crypt:1)
  3 tentacled monstrosities
  5 Ice Fiends
  A Hell Sentinel (Depths:2)
  23 Orb Guardians
  4 deep elf blademasters
  A quicksilver dragon (Depths:4)
  2 deep elf master archers
  3 death cobs
  An Executioner (Abyss:5)
  13 acid blobs
  9 ancient champions
  16 sphinxes
  2 storm dragons
  Kirke (Lair:8)
  A shadow dragon (Depths:5)
  3 thorn hunters
  3 revenants
  A draconian monk (Zig:2)
  6 tengu reavers
  Roxanne (Elf:3)
  9 fire giants
  9 azure jellies
  A draconian scorcher (Zig:2)
  13 frost giants
  Donald (Vaults:4)
  13 deep elf sorcerers
  5 greater nagas
  2 draconian knights
  6 vault wardens
  A draconian zealot (Depths:5)
  Wiglaf (Depths:2)
  A juggernaut zombie (Zig:11)
  2 orc warlords (Depths:2)
  4 ghost moths (Spider:4)
  A balrug (Hell)
  4 deep elf elementalists (Elf:3)
  A curse skull (Crypt:3)
  A caustic shrike zombie (Zig:11)
  5 emperor scorpions
  Aizul (Depths:2)
  4 reapers
  4 ghouls
  A caustic shrike skeleton (Depths:4)
  5 spriggan defenders
  A draconian annihilator (Depths:5)
  9 ironheart preservers
  13 stone giants
  3 vampire knights
  A juggernaut skeleton (Depths:4)
  26 very ugly things
  9 war gargoyles
  A green draconian (Depths:5)
  9 deep elf demonologists
  2 salamander stormcallers
  11 deep elf annihilators
  A mottled draconian (Zot:2)
  2 lorocyprocas
  A purple draconian (Depths:5)
  8 spark wasps
  2 white draconians
  A yellow draconian (Depths:5)
  A black sun (Zig:11)
  6 bennus
  4 green deaths
  3 red draconians
  8 ettins
  A minotaur (Lab)
  2 eidola
  16 vault guards
  Snorg (D:11)
  21 fire dragons
  24 mummy priests
  A merfolk javelineer (Depths:1)
  A crystal guardian (Depths:3)
  12 death oozes
  A quicksilver dragon zombie (Crypt:3)
  Erolcha (D:11)
  3 deep elf high priests
  4 blizzard demons
  18 yaktaur captains
  12 deep elf death magi
  Josephine (Orc:2)
  6 great orbs of eyes
  6 rakshasas (Depths:3)
  24 hydras
  2 quicksilver dragon skeletons
  A great orb of eyes (shapeshifter) (Depths:3)
  4 jiangshi
  A hell beast (Zot:4)
  8 spriggan air magi
  16 entropy weavers
  13 ice dragons
  A hydra (shapeshifter) (Depths:3)
  An ice dragon (shapeshifter) (Depths:3)
  3 ghost crabs
  3 anacondas
  3 naga warriors (Zig:12)
  13 ogre magi
  10 centaur warriors
  4 alligators
  A death knight (Vaults:2)
  29 dancing weapons
  4 deep troll shamans
  4 tengu warriors
  2 hell hogs (shapeshifter)
  4 vampire magi
  11 death yaks
  13 deep troll earth magi
  4 thrashing horrors
  3 shock serpents
  Urug (D:12)
  5 naga sharpshooters
  5 hell hogs
  21 deep elf knights
  4 spriggan berserkers
  3 soul eaters
  3 wretched stars (Zig:9)
  6 fire crabs
  6 sun demons
  Sonja (D:11)
  3 wizards
  24 hell knights
  4 iron trolls
  A storm dragon zombie (Zig:11)
  4 shadow wraiths
  56 skeletal warriors
  7 death scarabs
  A spatial maelstrom (Abyss:5)
  3 death drakes (Zig:13)
  2 shambling mangroves
  A golden dragon zombie (Crypt:2)
  2 flayed ghosts
  4 unseen horrors
  An obsidian statue (Vaults:2)
  8 hill giants
  19 deep elf archers
  2 infernal demonspawn (D:12)
  16 ironbrand convokers
  A shadow demon (Zig:9)
  3 giant orange brains
  29 deep trolls
  A tengu zombie (Vaults:3)
  7 phantasmal warriors
  An anaconda skeleton (Crypt:3)
  22 orc knights
  7 swamp dragons
  23 anubis guards
  3 harpies (Vaults:3)
  An anubis guard (shapeshifter) (Vaults:4)
  A stone giant zombie (Crypt:1)
  A golden dragon skeleton (Depths:4)
  7 wolf spider zombies
  An iron dragon zombie (Zig:11)
  11 necromancers
  10 orb spiders
  73 deep elf magi
  4 salamanders
  A cyclops (shapeshifter) (Depths:3)
  An orb spider (shapeshifter) (Elf:1)
  A shadow dragon skeleton (Depths:4)
  52 ugly things
  A salamander (shapeshifter) (Depths:5)
  18 wolf spiders
  An orc sorcerer (Orc:2)
  2 shining eyes
  4 griffons
  2 tengu skeletons (Vaults:3)
  An iron giant simulacrum (Zig:10)
  2 hornets
  2 worldbinders (Abyss:3)
  5 cyclopes
  A manticore (shapeshifter) (Depths:5)
  7 oklob plants
  2 fire giant zombies (Zig:11)
  A manticore (D:12)
  2 sixfirhies
  4 moths of wrath
  8 elephants
  3 toenail golems (Volcano)
  A frost giant zombie (Crypt:1)
  Maurice (Orc:1)
  An iron dragon skeleton (Crypt:3)
  18 black mambas
  A shock serpent zombie (Crypt:2)
  2 ice statues
  13 rust devils
  A black mamba (shapeshifter) (Depths:5)
  An eye of devastation (Slime:5)
  12 naga magi
  2 dire elephant zombies
  3 guardian serpents
  A guardian serpent (shapeshifter) (Depths:2)
  An elephant (shapeshifter) (D:15)
  A stone giant skeleton (Crypt:3)
  3 fire giant skeletons (Crypt:3)
  2 titan simulacra
  A torpor snail (Spider:3)
  5 vault sentinels
  2 molten gargoyles (Lair:6)
  5 orange demons
  A shock serpent skeleton (Tomb:2)
  4 hellions
  8 smoke demons
  8 gargoyles
  8 komodo dragons
  26 spiny frogs
  A spriggan zombie (Zig:3)
  4 kobold demonologists
  5 rime drakes
  3 efreet
  11 demonic crawlers
  37 yaktaurs
  3 ice devils
  36 guardian mummies
  14 freezing wraiths
  2 hellwings
  An ancient zyme (Zig:9)
  2 black draconian skeletons
  An emperor scorpion zombie (Tomb:3)
  5 red devils
  A hydra zombie (Crypt:1)
  19 jumping spiders
  A troll (shapeshifter) (D:15)
  6 trolls
  6 polar bears
  11 redback zombies (Spider:3)
  3 tengu conjurers
  8 spriggan druids
  A queen bee (Lair:3)
  4 giant leeches
  A tengu simulacrum (Zig:10)
  A giant leech (shapeshifter) (Depths:3)
  2 hydra skeletons (Crypt:3)
  The ghost of Nattefrost the Poker, an amateur FoFi of Ru (D:4)
  18 blink frogs
  A hornet zombie (D:15)
  44 slime creatures
  18 two-headed ogres
  Grinder (D:6)
  9 boulder beetles
  10 bog bodies
  8 raiju (Abyss:5)
  A sphinx simulacrum (Vaults:2)
  11 tarantella zombies (Spider:3)
  25 ushabtiu
  A raiju (shapeshifter) (Depths:1)
  An ettin zombie (Vaults:3)
  13 fire dragon skeletons (Crypt:3)
  7 air elementals
  2 wyverns
  2 ynoxinuls
  27 flying skulls
  67 yaks
  Sigmund (D:4)
  A vampire (D:15)
  An ice dragon skeleton (Tomb:1)
  35 spriggans
  6 humans (Volcano)
  10 shadows
  13 tarantellas
  3 water elementals
  16 wraiths
  76 redbacks
  A hog (Lair:8)
  A basilisk (shapeshifter) (D:15)
  7 small abominations
  An alligator skeleton (Hell)
  2 elf skeletons (Depths:4)
  A tarantella (shapeshifter) (Vaults:3)
  6 fire elementals
  Grum (D:11)
  7 basilisks
  2 ettin skeletons (Crypt:3)
  A golden eye (shapeshifter) (D:15)
  8 golden eyes
  11 hungry ghosts
  3 chaos spawn
  22 vampire mosquitoes
  A human simulacrum (Vaults:3)
  5 neqoxecs
  12 hippogriffs
  A spatial vortex (Abyss:5)
  3 death yak simulacra (IceCv)
  A harpy simulacrum (Depths:3)
  12 large abominations
  A mottled dragon (D:14)
  17 swamp worms
  10 insubstantial wisps
  8 wargs
  A soldier ant (D:14)
  2 nagas (Zig:12)
  19 water moccasins
  3 hell hounds
  A giant eyeball (Depths:4)
  2 giant eyeballs (shapeshifter) (Vaults:3)
  A deep troll skeleton (Vaults:3)
  16 swamp drakes
  A spiny frog skeleton (Crypt:2)
  2 phantoms (D:5)
  A sky beast (D:6)
  4 porcupines
  52 orc warriors
  A black bear (shapeshifter) (Vaults:4)
  A manticore zombie (Tomb:3)
  11 ice beasts
  8 black bears
  18 wasps
  A tengu (shapeshifter) (Vaults:4)
  An alligator simulacrum (IceCv)
  An eye of draining (shapeshifter) (Depths:1)
  2 necrophages (Crypt:1)
  45 ogres
  An eye of draining (Slime:6)
  25 wolves
  A snapping turtle skeleton (Crypt:1)
  25 centaurs
  2 manticore skeletons (Crypt:3)
  A swamp dragon skeleton (Crypt:1)
  5 big kobolds
  15 crocodiles
  3 yaktaur zombies
  2 earth elementals
  13 giant frogs
  3 human skeletons
  A draconian skeleton (Crypt:2)
  18 jellies
  A scorpion (D:10)
  17 killer bees
  8 wights
  8 howler monkeys
  6 electric eels
  6 crimson imps
  9 lava snakes
  16 starcursed masses
  A wasp zombie (D:11)
  5 draconian simulacra (IceCv)
  3 centaur skeletons
  4 centaur zombies
  2 giant frog zombies
  3 hounds
  4 human zombies
  A giant frog skeleton (D:12)
  17 orc priests
  6 iron imps
  31 orc wizards
  A gnoll shaman (D:5)
  Ijyb (D:2)
  10 iguanas
  7 hell rats (Lair:8)
  8 worker ants
  2 spriggan simulacra (IceCv)
  5 troll simulacra (IceCv)
  A lightning spire (Zig:7)
  19 sheep
  A naga zombie (Crypt:1)
  3 centaur simulacra (IceCv)
  A hound zombie (D:5)
  2 hound skeletons
  53 mummies
  Robin (D:3)
  7 gnolls (D:5)
  A howler monkey skeleton (D:7)
  9 adders
  3 naga simulacra (IceCv)
  2 ogre simulacra (IceCv)
  48 river rats
  7 shadow imps
  14 white imps
  An ufetubus (Depths:2)
  5 oozes
  An adder skeleton (D:6)
  6 worms
  3 dart slugs
  5 giant geckos
  87 orcs
  3 giant cockroaches
  13 goblins
  8 hobgoblins
  6 jackals
  4 quokkas
  A ball python skeleton (Crypt:2)
  17 bats
  A giant gecko zombie (D:6)
  5 giant newts
  A jackal zombie (D:8)
  A kobold (shapeshifter) (Depths:3)
  17 kobolds
  An orc skeleton (Crypt:1)
  A quokka skeleton (D:4)
  17 rats
  A rat skeleton (Crypt:1)
  2 briar patches (Swamp:3)
  6 fire vortices
  3 lost souls (Crypt:3)
  3 plants
2999 creatures vanquished.

Vanquished Creatures (collateral kills)
  An ancient lich (Zot:5)
  A hellephant (Hell)
  An Orb Guardian (Zot:5)
  Rupert (Vaults:1)
  Agnes (Spider:1)
  A shadow dragon (Vaults:3)
  The ghost of vible the Executioner, an adept HOBe of Trog (Spider:1)
  2 ghost moths
  4 emperor scorpions (Spider:4)
  Louise (Spider:4)
  An ironheart preserver (Vaults:1)
  2 salamander stormcallers (Hell)
  An entropy weaver (Spider:1)
  A hell hog (Hell)
  A hell knight (Vaults:1)
  2 soul eaters
  2 iron golems (Depths:1)
  A skeletal warrior (Hell)
  An unseen horror (Vaults:1)
  An orc knight (Vaults:1)
  7 orb spiders
  An orc sorcerer (Vaults:1)
  A shining eye (Slime:4)
  A cyclops (Vaults:1)
  A hornet (Spider:2)
  3 wolf spiders
  6 slime creatures (Slime:6)
  A moth of wrath (Zot:5)
  A torpor snail (Spider:2)
  A yaktaur zombie (Vaults:1)
  Psyche (D:8)
  A smoke demon (Hell)
  6 demonic crawlers (Spider:4)
  A troll (D:11)
  8 jumping spiders
  18 redbacks
  8 tarantellas
  3 golden eyes (Slime:6)
  2 fire elementals (Hell)
  An orc warrior (Vaults:1)
  A jelly (D:8)
  An orc priest (Vaults:1)
  A white imp (Spider:4)
102 creatures vanquished.

Vanquished Creatures (others)
  A death cob (Zot:2)
  A fire giant (Depths:5)
  An ogre mage (Vaults:1)
  A deep troll earth mage (Depths:3)
  A hell hog (Hell)
  An anaconda zombie (Tomb:2)
  27 death scarabs
  A swamp dragon (Swamp:4)
  A deep elf archer (Elf:1)
  An anubis guard (Tomb:2)
  A necromancer (Hell)
  An ugly thing (Swamp:4)
  A stone giant skeleton (Tomb:2)
  An orange demon (Swamp:4)
  A slime creature (Swamp:4)
  2 ushabtiu
  2 flying skulls (Tomb:1)
  A dire elephant simulacrum (Tomb:3)
  2 humans (Lair:8)
  5 insubstantial wisps (Swamp:4)
  A small abomination (Abyss:5)
  2 orc warriors
  A wasp (Zig:13)
  An ogre (Vaults:4)
  A wolf (D:11)
  A manticore simulacrum (Abyss:5)
  A mummy (Tomb:1)
  An orc (Depths:4)
  A briar patch (Swamp:3)
  18 fungi
  9 lost souls
  83 plants
  21 spectral weapons
194 creatures vanquished.

Grand Total: 3295 creatures vanquished

Notes
Turn   | Place    | Note
--------------------------------------------------------------
     0 | D:1      | kuniqs the Draconian Gladiator began the quest for the Orb.
     0 | D:1      | Reached XP level 1. HP: 17/17 MP: 1/1
   168 | D:1      | Reached XP level 2. HP: 20/25 MP: 2/2
   524 | D:1      | Reached XP level 3. HP: 14/30 MP: 3/3
  1532 | D:2      | Reached XP level 4. HP: 26/38 MP: 4/4
  1659 | D:2      | Found an iron altar of Okawaru.
  1827 | D:2      | Noticed Ijyb
  1844 | D:2      | Killed Ijyb
  2043 | D:3      | Noticed Robin
  2053 | D:3      | Killed Robin
  2058 | D:3      | Reached XP level 5. HP: 45/46 MP: 5/5
  2192 | D:3      | Found a stormy altar of Qazlal.
  2442 | D:4      | Noticed Sigmund
  2460 | D:4      | Gained mutation: You evolve. [potion of mutation]
  2460 | D:4      | Gained mutation: Your flesh is cold resistant. [potion of mutation]
  2460 | D:4      | Gained mutation: You have large cloven feet. [potion of mutation]
  2462 | D:4      | Killed Sigmund
  2462 | D:4      | Reached XP level 6. HP: 28/55 MP: 6/6
  2481 | D:4      | Noticed a yak
  2483 | D:4      | Noticed a yak
  2483 | D:4      | Noticed a yak
  2483 | D:4      | Noticed a yak
  2498 | D:4      | Killed a yak
  2498 | D:4      | Reached skill level 5 in Fighting
  2498 | D:4      | Reached skill level 5 in Dodging
  2617 | D:3      | Killed a yak
  2617 | D:3      | Your scales start taking on a golden yellow colour.
  2617 | D:3      | Reached XP level 7. HP: 35/63 MP: 7/7
  2834 | D:4      | Found a glowing golden altar of the Shining One.
  2837 | D:4      | Became a worshipper of the Shining One
  2878 | D:4      | Found Ocvyamnu's General Store.
  2890 | D:4      | Bought a scroll of identify for 20 gold pieces
  2890 | D:4      | Bought a scroll of remove curse for 30 gold pieces
  2890 | D:4      | Bought a wand of disintegration (12/24) for 160 gold pieces
  3076 | D:4      | Noticed Nattefrost's ghost (amateur FoFi)
  3094 | D:4      | Killed Nattefrost's ghost
  3266 | D:4      | Found a shadowy altar of Dithmenos.
  3410 | D:4      | Killed a yak
  3410 | D:4      | Reached XP level 8. HP: 60/73 MP: 8/8
  3565 | D:5      | Entered Level 5 of the Dungeon
  3574 | D:5      | Found Feipiteh's General Store.
  3813 | D:5      | Found a deep blue altar of Sif Muna.
  3831 | D:5      | Reached * piety under the Shining One
  3888 | D:5      | Found an oddly glowing altar of Pakellas.
  4228 | D:5      | Found a shattered altar of Ashenzari.
  4406 | D:6      | Reached skill level 1 in Shields
  4410 | D:6      | Reached XP level 9. HP: 64/83 MP: 9/9
  4448 | D:6      | Found an opulent altar of Gozag.
  4493 | D:6      | Found a sparkling altar of Nemelex Xobeh.
  4663 | D:6      | Found a snail-covered altar of Cheibriados.
  4734 | D:6      | Noticed Grinder
  4758 | D:6      | Paralysed by Grinder for 6 turns
  4769 | D:6      | Killed Grinder
  4769 | D:6      | Reached skill level 2 in Shields
  4984 | D:6      | Found a glowing silver altar of Zin.
  5121 | D:7      | Reached ** piety under the Shining One
  5175 | D:7      | Reached skill level 3 in Shields
  5329 | D:7      | Found a stormy altar of Qazlal.
  5482 | D:7      | Found a staircase to the Ecumenical Temple.
  5655 | D:8      | Reached skill level 4 in Shields
  5683 | D:8      | Reached skill level 1 in Invocations
  6148 | D:8      | Reached skill level 10 in Fighting
  6185 | D:8      | Noticed Psyche
  6194 | D:8      | Killed Psyche
  6201 | D:8      | FUCK ME
  6293 | D:8      | Found a shimmering altar of Xom.
  6659 | D:9      | Found a burning altar of Makhleb.
  6749 | D:9      | Reached XP level 10. HP: 68/93 MP: 11/13
  6755 | D:9      | Reached *** piety under the Shining One
  6785 | D:9      | Found a bloodstained altar of Trog.
  6802 | D:9      | Reached skill level 1 in Long Blades
  7030 | D:9      | Reached skill level 5 in Invocations
  7051 | D:9      | Found a staircase to the Lair.
  7173 | D:9      | Noticed a white ugly thing
  7182 | D:9      | Killed a white ugly thing
  7309 | D:9      | Found a blossoming altar of Fedhas.
  7433 | D:10     | Entered Level 10 of the Dungeon
  7642 | D:10     | Reached skill level 5 in Long Blades
  7643 | D:10     | Noticed a cyclops
  7670 | D:10     | Killed a cyclops
  7670 | D:10     | Reached XP level 11. HP: 102/102 MP: 13/15
  7999 | D:10     | Learned a level 1 spell: Apportation
  8001 | D:10     | Learned a level 1 spell: Summon Small Mammal
  8265 | D:10     | Got a translucent rapier
  8266 | D:10     | Identified the +6 rapier "Xuigomui" {pierce, *Rage rPois rN+ Str+4} (You found it on level 10 of the Dungeon)
  8511 | D:11     | Noticed Erolcha
  8568 | Lair:1   | Entered Level 1 of the Lair of Beasts
  8641 | Lair:1   | Reached skill level 10 in Dodging
  8963 | Lair:1   | Reached **** piety under the Shining One
  9349 | Lair:1   | Gained mutation: You are robust (+10% HP). [evolution]
  9508 | Lair:2   | Found a labyrinth entrance.
  9541 | Lab      | Entered a labyrinth
 10691 | Lab      | Noticed a minotaur
 10700 | Lab      | Killed a minotaur
 10983 | Lair:2   | Lost mutation: Your flesh is cold resistant. [evolution]
 10983 | Lair:2   | Lost mutation: You evolve. [end of evolution]
 10984 | Lair:2   | Gained mutation: Your flesh is heat resistant. [potion of mutation]
 10984 | Lair:2   | Gained mutation: You have a pair of small antennae on your head. [potion of mutation]
 10984 | Lair:2   | Gained mutation: Potions and wands are less effective at restoring your health. [potion of mutation]
 11401 | Lair:3   | Reached XP level 12. HP: 110/123 MP: 17/17
 11558 | Lair:3   | Noticed a six-headed hydra
 11596 | Lair:3   | Killed a six-headed hydra
 12781 | Lair:4   | Noticed a death yak
 12787 | Lair:4   | Got a bloodstained cloak
 12826 | Lair:4   | Killed a death yak
 12844 | Lair:4   | Identified the +0 cloak "Defy" {Int+3} (You found it on level 4 of the Lair of Beasts)
 12855 | Lair:4   | Noticed a death yak
 12857 | Lair:4   | Noticed a death yak
 12859 | Lair:4   | Noticed a death yak
 12907 | Lair:4   | Killed a death yak
 12917 | Lair:4   | Killed a death yak
 12933 | Lair:4   | Killed a death yak
 13261 | Lair:4   | Noticed a six-headed hydra
 13299 | Lair:4   | Killed a seven-headed hydra
 13299 | Lair:4   | Reached skill level 10 in Long Blades
 13897 | Lair:5   | Reached XP level 13. HP: 130/130 MP: 20/20
 14520 | Lair:6   | Reached skill level 10 in Invocations
 14775 | Lair:6   | Found a staircase to the Swamp.
 14910 | Lair:6   | The Shining One protects you from harm!
 15226 | Lair:6   | Found a hole to the Spider Nest.
 15474 | Lair:6   | Reached skill level 5 in Shields
 15654 | Lair:6   | Found a shimmering altar of Xom.
 15927 | Lair:7   | Found a stormy altar of Qazlal.
 16381 | Lair:7   | Learned a level 2 spell: Blink
 16386 | Lair:7   | Learned a level 4 spell: Passage of Golubria
 16524 | Lair:8   | Entered Level 8 of the Lair of Beasts
 16611 | Lair:8   | Reached skill level 1 in Translocations
 16772 | Lair:8   | Reached skill level 6 in Shields
 16949 | Lair:8   | Noticed Kirke
 16962 | Lair:8   | Killed Kirke
 16999 | Lair:8   | Gained mutation: You have acidic saliva. [Yellow Draconian growth]
 16999 | Lair:8   | Reached XP level 14. HP: 120/143 MP: 22/22
 17262 | Lair:8   | Found a staircase to the Slime Pits.
 18317 | Lair:5   | Reached skill level 7 in Shields
 18436 | D:11     | Killed Erolcha
 18514 | D:11     | Noticed Snorg
 18526 | D:11     | Killed Snorg
 18584 | D:11     | Gained mutation: Your spells are a little harder to cast, but a little more powerful. [mutagenic meat]
 18585 | D:11     | Lost mutation: Potions and wands are less effective at restoring your health. [mutagenic meat]
 18759 | D:11     | Reached ***** piety under the Shining One
 18825 | D:11     | Found Zijukkih's Armour Emporium.
 18832 | D:11     | Noticed Grum
 18873 | D:11     | Killed Grum
 18946 | D:11     | Found Laxzyoth's Book Boutique.
 18985 | D:11     | Found Koathea's Assorted Antiques.
 19002 | D:11     | Bought a glass ring for 115 gold pieces
 19002 | D:11     | Bought a scroll of identify for 46 gold pieces
 19007 | D:11     | Identified a scroll of acquirement
 19015 | D:11     | YAAAY
 19061 | D:11     | Noticed Sonja
 19105 | D:11     | Killed Sonja
 19424 | D:12     | Noticed Urug
 19449 | D:12     | Killed Urug
 19799 | D:12     | Found a staircase to the Orcish Mines.
 20467 | D:13     | Reached skill level 8 in Shields
 20478 | D:13     | Reached XP level 15. HP: 127/152 MP: 23/23
 20669 | D:13     | Found an ancient bone altar of Kikubaaqudgha.
 21923 | D:14     | Found a gate to the Vaults.
 22216 | D:12     | Reached skill level 15 in Fighting
 22275 | Orc:1    | Entered Level 1 of the Orcish Mines
 22354 | Orc:1    | Found a deep blue altar of Sif Muna.
 22360 | Orc:1    | Found a dark tunnel.
 22369 | Orc:1    | Noticed Maurice
 22379 | Orc:1    | Killed Maurice
 22404 | Volcano  | Entered a volcano
 22775 | Orc:1    | Reached ****** piety under the Shining One
 22958 | Orc:2    | Entered Level 2 of the Orcish Mines
 22958 | Orc:2    | Found a staircase to the Elven Halls.
 23039 | Orc:2    | Noticed Josephine
 23048 | Orc:2    | Killed Josephine
 23089 | Orc:2    | Found a frozen archway.
 23093 | Orc:2    | Reached skill level 9 in Shields
 23136 | IceCv    | Entered an ice cave
 23476 | IceCv    | Found an ancient bone altar of Kikubaaqudgha.
 23691 | Orc:2    | Found Ammeggev's Antique Armour Boutique.
 23783 | Orc:2    | Found Fuogiom's Antique Weapon Emporium.
 23939 | Orc:2    | Found a roughly hewn altar of Beogh.
 23953 | Orc:2    | Found Vaeck's General Store.
 23988 | Orc:2    | Found Cesytuacha's Magic Scroll Emporium.
 24051 | Orc:2    | Bought a scroll of magic mapping for 45 gold pieces
 24051 | Orc:2    | Bought a scroll of identify for 26 gold pieces
 24063 | Orc:2    | Bought a scroll of identify for 26 gold pieces
 24063 | Orc:2    | Bought a scroll of identify for 26 gold pieces
 24063 | Orc:2    | Bought a scroll of teleportation for 39 gold pieces
 24297 | Orc:2    | Reached skill level 1 in Ice Magic
 24802 | Orc:1    | Identified Sif Muna's Volume of Congealing Translocation
 25197 | D:11     | Bought a manual of Fighting for 1656 gold pieces
 25197 | D:11     | Bought the Grimoire of the Icy Rocks for 960 gold pieces
 25203 | D:11     | Learned a level 3 spell: Ozocubu's Armour
 25424 | Swamp:1  | Entered Level 1 of the Swamp
 25855 | Swamp:1  | Reached skill level 1 in Evocations
 25983 | Swamp:1  | Reached XP level 16. HP: 142/165 MP: 25/25
 26096 | Swamp:2  | Reached skill level 5 in Ice Magic
 26992 | Swamp:3  | Learned a level 2 spell: Swiftness
 27142 | Swamp:3  | Noticed Nikola
 27159 | Swamp:3  | Killed Nikola
 27383 | Swamp:3  | Noticed a thorn hunter
 27397 | Swamp:3  | Killed a thorn hunter
 27710 | Swamp:4  | Entered Level 4 of the Swamp
 27710 | Swamp:4  | Noticed a thorn hunter
 27722 | Swamp:4  | Killed a thorn hunter
 28602 | Swamp:4  | Noticed a tentacled monstrosity
 28619 | Swamp:4  | Killed a tentacled monstrosity
 28619 | Swamp:4  | Reached skill level 10 in Ice Magic
 28632 | Swamp:4  | Reached skill level 5 in Evocations
 28799 | Swamp:4  | Got a decaying rune of Zot
 29211 | Spider:1 | Entered Level 1 of the Spider Nest
 29227 | Spider:1 | Noticed vible's ghost (adept HOBe)
 30156 | Spider:1 | Killed vible's ghost
 30212 | Spider:1 | Reached XP level 17. HP: 165/182 MP: 0/26
 30323 | Spider:1 | Noticed Agnes
 30329 | Spider:1 | Killed Agnes
 31723 | Spider:4 | Entered Level 4 of the Spider Nest
 31742 | Spider:4 | Noticed Louise
 31775 | Spider:4 | Killed Louise
 32090 | Spider:4 | Reached skill level 10 in Shields
 32099 | Spider:4 | Got a gossamer rune of Zot
 33778 | D:5      | Bought a scroll of identify for 28 gold pieces
 33778 | D:5      | Bought a scroll of enchant armour for 105 gold pieces
 33778 | D:5      | Bought a scroll of enchant weapon for 105 gold pieces
 33778 | D:5      | Bought a scroll of magic mapping for 49 gold pieces
 33778 | D:5      | Bought a scroll of fog for 28 gold pieces
 34147 | Lair:8   | HP: 9/184 [acid (7)]
 34386 | Lair:8   | Reached XP level 18. HP: 169/193 MP: 27/27
 34480 | Slime:1  | Entered Level 1 of the Pits of Slime
 34484 | Slime:1  | Gained mutation: You expend magic power (3 MP) to strengthen your wands. [a shining eye]
 34729 | Slime:1  | Gained mutation: Potions and wands are less effective at restoring your health. [a shining eye]
 34921 | Slime:4  | Gained mutation: You tend to lose your temper in combat. [a shining eye]
 34928 | Slime:4  | Lost mutation: You expend magic power (3 MP) to strengthen your wands. [potion of cure mutation]
 34928 | Slime:4  | Lost mutation: You tend to lose your temper in combat. [potion of cure mutation]
 34928 | Slime:4  | Lost mutation: Your spells are a little harder to cast, but a little more powerful. [potion of cure mutation]
 34928 | Slime:4  | Lost mutation: Your flesh is heat resistant. [potion of cure mutation]
 34984 | Slime:5  | Reached skill level 15 in Ice Magic
 35016 | Slime:6  | Entered Level 6 of the Pits of Slime
 35238 | Slime:6  | Noticed the Royal Jelly
 35246 | Slime:6  | Found a viscous altar of Jiyva.
 35258 | Slime:6  | Killed the Royal Jelly
 35284 | Slime:6  | HP: 1/193 [acid blob (33)]
 35284 | Slime:6  | The Shining One protects you from harm!
 35321 | Slime:6  | Identified a +4 rod of clouds (14/14) (You found it on level 6 of the Pits of Slime)
 35404 | Slime:6  | Got a slimy rune of Zot
 35477 | Slime:6  | Identified the Incunabulum of the Illusory Demons
 35573 | Slime:1  | Gained mutation: Your body sometimes deteriorates upon taking damage. [a shining eye]
 35912 | D:14     | Reached skill level 11 in Shields
 35925 | D:15     | Entered Level 15 of the Dungeon
 36192 | D:15     | Found a staircase to the Depths.
 36366 | Depths:1 | Entered Level 1 of the Depths
 36554 | Depths:1 | Reached skill level 1 in Spellcasting
 36706 | Depths:1 | Reached skill level 1 in Charms
 36829 | Depths:1 | Reached XP level 19. HP: 170/201 MP: 28/28
 37321 | Depths:1 | Found a one-way gate to the infinite horrors of the Abyss.
 37872 | Depths:1 | Reached skill level 5 in Translocations
 37984 | Depths:1 | Found a gateway to Hell.
 38057 | Hell     | Entered the Vestibule of Hell
 38057 | Hell     | Noticed Geryon
 38166 | Hell     | Killed Geryon
 38172 | Hell     | Noticed a hellephant
 38225 | Hell     | Noticed a lich
 38232 | Hell     | Killed a lich
 38233 | Hell     | Reached skill level 15 in Dodging
 38397 | Hell     | Reached skill level 12 in Shields
 38421 | Hell     | Killed a hellephant
 38605 | Depths:2 | Reached XP level 20. HP: 207/210 MP: 29/29
 38763 | Depths:2 | Reached skill level 5 in Spellcasting
 38781 | Depths:2 | Identified an uncursed eudemon blade of holy wrath {god gift} (a demon blade of slicing blessed by the Shining One)
 38781 | Depths:2 | Received a gift from the Shining One
 38914 | Depths:2 | Reached skill level 5 in Charms
 39203 | Lair:1   | Learned a level 6 spell: Ozocubu's Refrigeration
 39353 | Vaults:1 | Entered Level 1 of the Vaults
 39362 | D:14     | Cast into level 3 of the Abyss (a deep elf demonologist)
 39403 | Abyss:3  | Got an abyssal rune of Zot
 39437 | D:14     | Escaped the Abyss
 39615 | Vaults:1 | Noticed Rupert
 39642 | Vaults:1 | Killed Rupert
 40058 | Vaults:1 | Got a sparkling brass ring
 40059 | Vaults:1 | Identified the ring "Assin" {rC+ MP+9 SInv Stlth+} (You found it on level 1 of the Vaults)
 40692 | Vaults:2 | Found Ihaqemen's Distillery.
 40700 | Vaults:2 | Bought a potion of haste for 210 gold pieces
 40700 | Vaults:2 | Bought a potion of curing for 63 gold pieces
 40700 | Vaults:2 | Bought a potion of curing for 63 gold pieces
 40700 | Vaults:2 | Bought a potion of curing for 63 gold pieces
 41156 | Vaults:2 | Reached skill level 13 in Shields
 41881 | Vaults:2 | Found a staircase to the Crypt.
 41887 | Crypt:1  | Entered Level 1 of the Crypt
 42077 | Crypt:1  | Reached XP level 21. HP: 218/218 MP: 32/32
 43346 | Crypt:2  | Reached skill level 14 in Shields
 43354 | Crypt:3  | Entered Level 3 of the Crypt
 43772 | Crypt:3  | Learned a level 6 spell: Haste
 44045 | Crypt:3  | Found a staircase to the Tomb.
 44086 | Crypt:3  | Learned a level 6 spell: Deflect Missiles
 44259 | Crypt:3  | Reached skill level 1 in Air Magic
 44644 | Crypt:3  | Found an ancient bone altar of Kikubaaqudgha.
 44712 | Crypt:3  | Noticed an ancient lich
 44721 | Crypt:3  | Cast into level 5 of the Abyss (an ancient lich)
 44721 | Abyss:5  | Entered Level 5 of the Abyss
 44721 | Abyss:5  | Found a corrupted altar of Lugonu.
 44931 | Crypt:3  | Escaped the Abyss
 44942 | Crypt:3  | Killed an ancient lich
 44942 | Crypt:3  | Reached XP level 22. HP: 229/229 MP: 34/34
 45756 | Vaults:3 | Reached skill level 5 in Air Magic
 46242 | Vaults:3 | Reached skill level 10 in Charms
 46328 | Vaults:3 | Was placed under penance by the Shining One
 46665 | Vaults:3 | Identified the Almanac of Vitriolic Attacks
 47420 | Vaults:4 | Found Tavogolusu's Food Emporium.
 47637 | Vaults:4 | Noticed Donald
 47654 | Vaults:4 | Killed Donald
 47733 | Vaults:4 | Got a fine cloak
 47734 | Vaults:4 | Identified the +0 cloak of Zitueg {Int+7} (You acquired it on level 4 of the Vaults)
 48518 | Vaults:5 | Entered Level 5 of the Vaults
 48910 | Tomb:1   | Entered Level 1 of the Tomb of the Ancients
 49007 | Tomb:1   | Reached skill level 15 in Long Blades
 49007 | Tomb:1   | Reached XP level 23. HP: 228/236 MP: 33/35
 49072 | Tomb:1   | Reached skill level 15 in Shields
 49604 | Tomb:1   | Noticed Boris
 49605 | Tomb:1   | Noticed Mennas
 49632 | Tomb:1   | Killed Boris
 49974 | Tomb:1   | Noticed a greater mummy
 50034 | Tomb:1   | Killed a greater mummy
 50233 | Tomb:1   | Noticed a greater mummy
 50253 | Tomb:1   | Killed a greater mummy
 50595 | Tomb:1   | Killed Mennas
 50729 | Tomb:1   | Was forgiven by the Shining One
 50894 | Tomb:2   | Noticed a greater mummy
 50894 | Tomb:2   | Noticed a greater mummy
 50896 | Tomb:2   | Noticed an ancient lich
 50897 | Tomb:2   | Noticed a greater mummy
 51228 | Tomb:1   | Killed a greater mummy
 51234 | Tomb:1   | Killed a greater mummy
 51250 | Tomb:2   | Reached skill level 10 in Air Magic
 51272 | Tomb:1   | Killed an ancient lich
 51278 | Tomb:1   | Killed a greater mummy
 52149 | Tomb:3   | Entered Level 3 of the Tomb of the Ancients
 52175 | Tomb:2   | Reached skill level 15 in Invocations
 52204 | Tomb:3   | Noticed a greater mummy
 52204 | Tomb:3   | Noticed a greater mummy
 52205 | Tomb:3   | Noticed a greater mummy
 52467 | Tomb:3   | Noticed a greater mummy
 52467 | Tomb:3   | Noticed a greater mummy
 52467 | Tomb:3   | Noticed a greater mummy
 52468 | Tomb:3   | Noticed a greater mummy
 52479 | Tomb:2   | Killed a greater mummy
 52724 | Tomb:3   | Noticed a greater mummy
 52728 | Tomb:3   | Killed a greater mummy
 52728 | Tomb:3   | Killed a greater mummy
 52728 | Tomb:3   | Killed a greater mummy
 52728 | Tomb:3   | Reached XP level 24. HP: 44/245 MP: 19/35
 52730 | Tomb:3   | Noticed an ancient lich
 52985 | Tomb:2   | Killed a greater mummy
 53098 | Tomb:2   | Killed a greater mummy
 53116 | Tomb:2   | Killed an ancient lich
 53122 | Tomb:2   | Killed a greater mummy
 53146 | Tomb:2   | Killed a greater mummy
 53629 | Tomb:3   | Got a slimy lead amulet
 53630 | Tomb:3   | Identified the amulet "Voc Kunu" {rN+ Regen+ Int+6 Dex-4} (You found it on level 3 of the Tomb of the Ancients)
 53675 | Tomb:3   | Identified the Handbook of Hexes and Air
 53752 | Tomb:3   | Got a golden rune of Zot
 53806 | Tomb:3   | Got a scintillating wooden ring
 53807 | Tomb:3   | Identified the ring of Neclobu {rPois MR+ Dex+4} (You found it on level 3 of the Tomb of the Ancients)
 54717 | Elf:1    | Entered Level 1 of the Elven Halls
 55051 | Elf:1    | Got a pair of smoking boots
 55052 | Elf:1    | Identified the +1 pair of boots "Peoheuru" {rF- Int+6 Dex-4 SInv Stlth+} (You found it on level 1 of the Elven Halls)
 56071 | Elf:2    | Found a runed gate.
 56071 | Elf:2    | Found a runed gate.
 56071 | Elf:2    | Found a runed gate.
 56599 | Elf:3    | Entered Level 3 of the Elven Halls
 56696 | Elf:3    | Reached skill level 16 in Shields
 56893 | Elf:3    | Noticed Roxanne
 56928 | Elf:3    | Killed Roxanne
 57107 | Elf:3    | Reached XP level 25. HP: 251/251 MP: 35/35
 57526 | Elf:3    | Identified the Tome of Enthralling Heat (You found it on level 3 of the Elven Halls)
 57531 | Elf:3    | Learned a level 3 spell: Spectral Weapon
 57545 | Elf:3    | Identified a +2 rod of clouds (14/14) (You found it on level 3 of the Elven Halls)
 57551 | Elf:3    | Identified the Disquisition on Noxious Confrontation (You found it on level 3 of the Elven Halls)
 57607 | Elf:3    | Got a faintly glowing brass amulet
 57608 | Elf:3    | Identified the amulet "Caor" {Dismiss Int+4 Dex+9} (You found it on level 3 of the Elven Halls)
 57726 | Elf:3    | Identified a +1 rod of shadows (13/13) (You took it off a deep elf archer on level 3 of the Elven Halls)
 58209 | Depths:2 | Reached skill level 1 in Hexes
 58290 | Depths:2 | Noticed Aizul
 58299 | Depths:2 | Killed Aizul
 58733 | Depths:2 | Noticed Wiglaf
 58759 | Depths:2 | Killed Wiglaf
 58772 | Depths:2 | Found an iron altar of Okawaru.
 58815 | Depths:2 | Got a twisted buckler
 58817 | Depths:2 | Identified the +0 buckler of Ufoes {rPois rF+} (You found it on level 2 of the Depths)
 58822 | Depths:2 | Got an ichor-stained buckler
 58823 | Depths:2 | Identified the +0 buckler of Mezcal {Str+3} (You found it on level 2 of the Depths)
 59310 | Depths:3 | Got a wavering tin ring
 59311 | Depths:3 | Identified the ring "Gigima" {rC- rN+ Str+4 SInv Stlth+} (You found it on level 3 of the Depths)
 59479 | Depths:3 | Found a gateway to a ziggurat.
 59829 | Depths:3 | Reached skill level 17 in Shields
 60026 | Depths:3 | Found a one-way gate leading to the halls of Pandemonium.
 60162 | Depths:3 | Reached skill level 5 in Hexes
 60244 | Depths:4 | Got an ancient cloak
 60246 | Depths:4 | Identified the +0 cloak of Jigsaw {MR+ Str-5 Int+4} (You acquired it on level 4 of the Depths)
 60287 | Depths:4 | Noticed a juggernaut
 60301 | Depths:4 | Killed a juggernaut
 60372 | Depths:4 | Reached XP level 26. HP: 256/261 MP: 35/35
 61028 | Depths:4 | Noticed Jory
 61042 | Depths:4 | Killed Jory
 61281 | Depths:4 | Reached skill level 18 in Shields
 61334 | Depths:4 | Noticed Saint Roka
 61376 | Depths:4 | Killed Saint Roka
 61811 | Depths:5 | Entered Level 5 of the Depths
 61837 | Depths:5 | Found a snail-covered altar of Cheibriados.
 62137 | Depths:5 | Found a gate to the Realm of Zot.
 62602 | Depths:5 | Reached skill level 19 in Shields
 62666 | Depths:5 | Noticed a juggernaut
 62682 | Depths:5 | Killed a juggernaut
 63415 | Zig:1    | Entered Level 1 of a ziggurat
 63435 | Zig:2    | Entered Level 2 of a ziggurat
 63533 | Zig:3    | Entered Level 3 of a ziggurat
 63539 | Zig:3    | Reached XP level 27. HP: 191/270 MP: 35/36
 63603 | Zig:4    | Entered Level 4 of a ziggurat
 63609 | Zig:4    | Noticed Lafox the pandemonium lord
 63612 | Zig:4    | Reached skill level 20 in Shields
 63620 | Zig:4    | Killed Lafox the pandemonium lord
 63633 | Zig:5    | Entered Level 5 of a ziggurat
 63697 | Zig:6    | Entered Level 6 of a ziggurat
 63704 | Zig:6    | Noticed an orb of fire
 63708 | Zig:6    | Gained mutation: You expend magic power (3 MP) to strengthen your wands. [an orb of fire]
 63736 | Zig:6    | Killed an orb of fire
 63749 | Zig:6    | Lost mutation: Your body sometimes deteriorates upon taking damage. [potion of cure mutation]
 63749 | Zig:6    | Lost mutation: Potions and wands are less effective at restoring your health. [potion of cure mutation]
 63749 | Zig:6    | Lost mutation: You expend magic power (3 MP) to strengthen your wands. [potion of cure mutation]
 63749 | Zig:6    | Lost mutation: You are robust (+10% HP). [potion of cure mutation]
 63749 | Zig:6    | Lost mutation: You have large cloven feet. [potion of cure mutation]
 63863 | Zig:7    | Entered Level 7 of a ziggurat
 63870 | Zig:7    | Noticed an orb of fire
 63870 | Zig:7    | Noticed an orb of fire
 63872 | Zig:7    | Noticed an orb of fire
 63875 | Zig:8    | Entered Level 8 of a ziggurat
 64070 | Zig:9    | Entered Level 9 of a ziggurat
 64154 | Zig:9    | Paralysed by accursed screaming for 1 turns
 64254 | Zig:10   | Entered Level 10 of a ziggurat
 64270 | Zig:10   | Reached skill level 21 in Shields
 64303 | Zig:10   | Identified the Compendium of Entrancing Enhancements (You found it on level 10 of a ziggurat)
 64468 | Zig:11   | Entered Level 11 of a ziggurat
 64688 | Zig:12   | Entered Level 12 of a ziggurat
 65018 | Zig:13   | Entered Level 13 of a ziggurat
 65053 | Zig:13   | Was placed under penance by the Shining One
 65220 | Zot:1    | Entered Level 1 of the Realm of Zot
 65362 | Zot:3    | Reached skill level 22 in Shields
 65481 | Zot:5    | Entered Level 5 of the Realm of Zot
 65852 | Zot:5    | Was forgiven by the Shining One
 66018 | Zot:5    | Noticed an ancient lich
 66020 | Zot:5    | Reached skill level 23 in Shields
 66021 | Zot:5    | Noticed an orb of fire
 66029 | Zot:5    | Cast into level 5 of the Abyss (an ancient lich)
 66029 | Abyss:5  | Entered Level 5 of the Abyss
 66046 | Abyss:5  | Gained mutation: You are clumsy. (Dex -2) [a neqoxec]
 66049 | Abyss:5  | Gained mutation: You are frail (-10% HP). [a neqoxec]
 66054 | Abyss:5  | Lost mutation: You are frail (-10% HP). [potion of cure mutation]
 66054 | Abyss:5  | Lost mutation: You have a pair of small antennae on your head. [potion of cure mutation]
 66054 | Abyss:5  | Lost mutation: You are clumsy. (Dex -2) [potion of cure mutation]
 66179 | Abyss:5  | Paralysed by accursed screaming for 2 turns
 66184 | Abyss:5  | Gained mutation: You tend to lose your temper in combat. [a neqoxec]
 66231 | Abyss:5  | Found a corrupted altar of Lugonu.
 66231 | Abyss:5  | Found an opulent altar of Gozag.
 66285 | Zot:5    | Escaped the Abyss
 66295 | Zot:5    | Gained mutation: You are dopey. (Int -2) [an orb of fire]
 66305 | Zot:5    | Noticed an orb of fire
 66307 | Zot:5    | Killed an orb of fire
 66316 | Zot:5    | Gained mutation: You are frail (-10% HP). [an orb of fire]
 66321 | Zot:5    | Killed an orb of fire
 66323 | Zot:5    | Noticed an ancient lich
 66332 | Zot:5    | Killed an ancient lich
 66340 | Zot:5    | Noticed an ancient lich
 66348 | Zot:5    | Killed an ancient lich
 66354 | Zot:5    | Lost mutation: You are dopey. (Int -2) [potion of cure mutation]
 66354 | Zot:5    | Lost mutation: You tend to lose your temper in combat. [potion of cure mutation]
 66354 | Zot:5    | Lost mutation: You are frail (-10% HP). [potion of cure mutation]
 66377 | Zot:5    | Noticed an ancient lich
 66385 | Zot:5    | Killed an ancient lich
 66413 | Zot:5    | Killed an ancient lich
 66413 | Zot:5    | Reached skill level 24 in Shields
 66547 | Zot:5    | Got the Orb of Zot
 67423 | D:$      | Escaped with the Orb!

Vault maps used:
D:1:      dpeg_arrival_brainrot
D:2:      okawaru_metal_pillars_3, first_bread, serial_bayou_lake_a, uniq_iyjb
D:3:      grunt_qazlal_clouds, uniq_robin
D:4:      kennysheep_mini, grunt_dithmenos_smoke_and_mirrors, serial_shops,
          shop_statue, uniq_sigmund
D:5:      nicolae_ashenzari_panopticon, johnstein_pakellas_dig,
          nicolae_overflow_crystal_walls, serial_shops, nicolae_shop_crystal,
          hangedman_abyss_or_decor_jellyfish_corner, kennysheep_generic_room_11
D:6:      slow_altar_1, marbit_many_paths, nemelex_xobeh_ov_fountains_minmay,
          nicolae_gozag_seed_capital, nrook_mini_vaults, grunt_ministairs_10,
          uniq_grinder
D:7:      kennysheep_big_flooded_room, lemuel_round_altar, temple_hall
D:8:      grunt_ogre_cave, eino_tiny_chamber, lemuel_tele_altar, uniq_psyche
D:9:      kennysheep_little_box, trog_ov_bears_minmay, fedhas_altar_2,
          grunt_lair_entry_orc_guard_hut
D:10:     grunt_ministairs_7
D:11:     serial_shops, nicolae_shop_waterfront, shop_coins,
          nicolae_shop_waterfront, minivault_11, uniq_snorg, uniq_sonja,
          uniq_erolcha, uniq_grum
D:12:     erik_orc_1, uniq_urug
D:13:     basic_altar
D:14:     hangedman_vaults_entry_quadrant_bands
D:15:     grunt_enter_depths_giant_problem, minmay_strange_pillars
Lair:2:   lab_entry_generic
Lair:3:   special_room, hibernation_bobbens, lemuel_fruit_fields
Lair:6:   cheibrodos_magma_flow, minmay_swamp_entry_worms,
          spider_nest_entry_funnel_web, lemuel_centaur_altar,
          lemuel_fruit_fields
Lair:7:   beast_lair_carwin_large_1, basic_altar
Lair:8:   minmay_lair_end_enchanted_forest, minmay_slime_entry_oklob_enclosed,
          serial_bayou_shore_b, serial_bayou_shore_a, uniq_kirke
Swamp:1:  hangedman_swamp_pad, swamp_pool5
Swamp:2:  evilmike_swamp_ruin_house_2, swamp_pool5, infiniplex_staircase_pool_2
Swamp:3:  evilmike_swamp_ruin_rubble_2, uniq_nikola
Swamp:4:  swamp_vile, swamp_pool5
Spider:1: nicolae_spider_mines_3, spider_trap,
          hangedman_spider_tarantella_strand, uniq_agnes
Spider:3: lemuel_spider_zombies
Spider:4: grunt_spider_rune_circles, nicolae_crawler_farm, uniq_louise
Slime:3:  nicolae_slime_round_cave
Orc:1:    nicolae_volcano_entry_two_sided, led_sif_book, uniq_maurice
Orc:2:    st_orc_town, portal_ice_cave_entry_animals_and_master, uniq_josephine
Elf:1:    minivault_28, st_stairs_3
Elf:2:    spider_trap
Elf:3:    minmay_elf_hall_hex, uniq_roxanne
Vaults:1: nicolae_vaults_disjoint_gnomons, vaults_room_fours,
          hangedman_vaults_corner_blocks, hangedman_vaults_corner_blocks,
          grunt_vaults_funnel, grunt_vaults_bifocal, vaults_mumra_hexcomb,
          vaults_room_stairs_pillars, vaults_room_semicircle, v_rooms_3,
          hangedman_vaults_trim, nicolae_vaults_little_squares_6,
          nicolae_vaults_little_squares_5, sword_in_stone
Vaults:2: nicolae_vaults_statue_guard, nicolae_vaults_mini_display_case,
          v_alt_pattern_5, nicolae_vaults_twisting_passages,
          minmay_crypt_entry_simple_round, v_misc_26,
          nicolae_vaults_little_squares_1, nicolae_vaults_circle_grid_a,
          v_misc_15, hangedman_vaults_impose, vaults_mumra_chevron, v_misc_26,
          v_misc_3, nicolae_vaults_little_squares_6,
          ontoclasm_vaults_ring_small, serial_shops, shop_statue
Vaults:3: hangedman_vaults_maws, vaults_room_pools, hangedman_vaults_capsules,
          hangedman_vaults_stretched_pinwheel, v_misc_22,
          nicolae_vaults_yaktaur_gun_rack, nicolae_vaults_arrows,
          hangedman_vaults_pinch, nicolae_vaults_border_crossing,
          st_greater_box_5, nicolae_vaults_little_squares_5,
          vaults_dpeg_encased_lava, nicolae_vaults_little_squares_3
Vaults:4: ontoclasm_vaults_bender, v_rooms_2, vaults_room_fancy_cross,
          nicolae_vaults_ring_of_whatevers, serial_shops, nicolae_shop_stone,
          uniq_donald
Vaults:5: uniq_mara, uniq_sojobo, uniq_jorgrun
Crypt:1:  grunt_crypt_arrival_guarded_gate
Crypt:3:  quadcrypt_mu, uniq_wiglaf
Tomb:1:   uniq_boris, uniq_mennas
Depths:1: minmay_spriggan_fort, minmay_misc_feat_plants, abyss_entry,
          hangedman_coc_ice_floe, kennysheep_generic_room_8,
          serial_bayou_shore_b
Depths:2: evilmike_iron_armoury, grunt_hell_entry_dis_mu,
          kennysheep_small_spiral, uniq_aizul
Depths:3: hangedman_crystal_crosses_colossus, pan_entry, serial_shops,
          abyss_entry, hell_entry
Depths:4: minmay_skeletal_surprise, hangedman_decor_lopped, abyss_entry_crystal,
          pf_dread_powers_of_hell, minmay_hollow_rounded_squares,
          basic_stair_grate_trap, uniq_saint_roka, uniq_jory
Depths:5: grunt_zot_entry_tricorne, hell_entry, cheibriados_altar_1,
          hangedman_decor_clover_reticule
Zot:3:    st_stairs_3
Zot:4:    hangedman_zot_vaults_quadrants, guppyfry_library_mini
Zot:5:    stair_cage_line
Abyss:3:  grunt_abyss_rune_sword_and_sorcery
Abyss:5:  evilmike_abyss_exit_7, hangedman_decor_riveting,
          bh_abyss_xom_lugonu_altar, evilmike_abyss_exit_10,
          hangedman_abyss_exit_choices
Zig:9:    ziggurat_pillar_centre_oklobs
Zig:11:   ziggurat_pillar_centre_c
Lab:      nicolae_lab_statue, nicolae_lab_starburst, nicolae_lab_diamond,
          nicolae_lab_checkerboard, nicolae_lab_lava, nicolae_lab_swirl,
          labyrinth_skeletal_remains, labyrinth_lava_lair
IceCv:    ice_cave_small_necro
Volcano:  volcano_bunker

Skill      XL: |  1  2  3  4  5  6  7  8  9 10 11 12 13 14 15 16 17 18 19 20 21 22 23 24 25 26 27 |
---------------+----------------------------------------------------------------------------------+-----
Dodging        | 3 4 5 6 7 8 9 10 11 12 13 14 15 16 17 18 19 | 19.6
Fighting       | 3 4 6 7 9 10 11 12 13 14 15 18 19 20 21 | 21.0
Axes           | 4 |  4.0
Shields        | 1 4 6 8 9 10 11 12 13 14 15 16 17 19 24 | 24.1
Invocations    | 4 5 7 9 10 11 13 14 15 16 17 19 20 | 20.7
Long Blades    | 5 8 10 11 12 13 14 15 17 18 | 18.6
Translocations | 2 3 4 6 8 |  8.0
Ice Magic      | 4 11 14 16 18 | 18.1
Evocations     | 1 5 7 9 |  9.2
Spellcasting   | 1 4 7 8 |  8.4
Charms         | 1 4 7 9 11 12 | 12.4
Air Magic      | 4 8 11 12 | 12.1
Hexes          | 5 7 |  7.1
Throwing       | |  1.7
Stealth        | |  0.6

Action                   |  1- 3 |  4- 6 |  7- 9 | 10-12 | 13-15 | 16-18 | 19-21 | 22-24 | 25-27 || total
-------------------------+-------+-------+-------+-------+-------+-------+-------+-------+-------++-------
Melee: War axe           |   126 |   118 |   286 |    13 |       |       |       |       |       ||   543
       Tailslap          |    17 |    15 |    80 |   125 |   354 |   357 |   372 |   406 |   636 ||  2362
       Kick              |       |    10 |   150 |   244 |   317 |       |       |       |       ||   721
       Dagger            |       |       |    43 |       |     7 |       |       |       |       ||    50
       Short sword       |       |       |    32 |       |       |       |       |       |       ||    32
       Scimitar          |       |       |       |   505 |   459 |    45 |       |       |       ||  1009
       Long sword        |       |       |       |   202 |  1466 |  1644 |   688 |   112 |       ||  4112
       Bite              |       |       |       |       |   177 |   265 |   300 |   298 |   548 ||  1588
       Eudemon blade     |       |       |       |       |       |       |  1028 |  1779 |  2632 ||  5439
Throw: Throwing net      |       |     2 |       |       |       |     3 |       |     2 |       ||     7
 Cast: Apportation       |       |       |       |     1 |       |       |     1 |       |       ||     2
       Ozocubu's Armour  |       |       |       |       |       |    14 |    24 |    28 |    60 ||   126
       Blink             |       |       |       |       |       |       |       |     4 |       ||     4
       Haste             |       |       |       |       |       |       |       |     3 |     1 ||     4
       Deflect Missiles  |       |       |       |       |       |       |       |     2 |     7 ||     9
       Spectral Weapon   |       |       |       |       |       |       |       |       |    35 ||    35
       Passage of Golubr |       |       |       |       |       |       |       |       |     4 ||     4
Invok: Divine Shield     |       |       |       |     5 |     9 |    10 |     8 |     7 |    18 ||    57
       Cleansing Flame   |       |       |       |       |     8 |     8 |    32 |    32 |    41 ||   121
       Summon Divine War |       |       |       |       |       |    10 |     4 |     1 |     3 ||    18
       Brand Weapon With |       |       |       |       |       |       |     1 |       |       ||     1
 Abil: Spit Acid         |       |       |    18 |    53 |    29 |     7 |     3 |     2 |       ||   112
       Evoke Berserk Rag |       |       |       |     1 |       |       |       |       |       ||     1
       Evoke Flight      |       |       |       |       |       |     1 |       |       |       ||     1
Evoke: Wand              |       |       |    10 |    20 |    27 |    46 |       |    24 |    14 ||   141
       Phial of floods   |       |       |       |       |     2 |       |       |       |       ||     2
       Rod               |       |       |       |       |       |       |       |       |     5 ||     5
  Use: Potion            |       |     4 |       |     1 |     2 |    11 |       |     5 |    20 ||    43
       Scroll            |       |       |    18 |    15 |    22 |    14 |     9 |    19 |    32 ||   129
 Stab: Sleeping          |       |     3 |       |       |       |       |       |       |       ||     3
       Held in net/web   |       |     1 |       |       |       |       |       |       |       ||     1
       Confused          |       |       |       |       |     1 |       |       |       |       ||     1
       Distracted        |       |       |       |       |       |     1 |     1 |       |       ||     2
  Eat: Chunk             |     2 |     4 |    17 |    19 |    32 |    12 |    18 |     9 |       ||   113
       Meat ration       |       |       |       |     3 |       |     5 |     2 |     5 |    12 ||    27
       Pizza             |       |       |       |     3 |     2 |     2 |     2 |     2 |     1 ||    12
       Royal jelly       |       |       |       |     1 |     6 |       |       |       |     2 ||     9
       Fruit             |       |       |       |     1 |     3 |     1 |     6 |     8 |       ||    19
       Beef jerky        |       |       |       |       |     2 |     5 |     5 |     3 |     4 ||    19
       Bread ration      |       |       |       |       |       |       |       |       |     1 ||     1
Armor: Skin              |    43 |    34 |    91 |    99 |   274 |   509 |   205 |   352 |   204 ||  1811
Dodge: Dodged            |   101 |    63 |   363 |   532 |  1494 |  1558 |  1219 |  1606 |  1530 ||  8466
       Deflected         |       |       |       |       |       |       |       |     9 |    33 ||    42
Block: Buckler           |       |       |    77 |   256 |   714 |   795 |   592 |   728 |   272 ||  3434
       Large shield      |       |       |       |       |       |       |       |       |  2579 ||  2579
